AoeStats
← miguelon01

Lombardia

508664659Analyzed
4v4 RM · 8d ago on Sep 23, 2026· 64m 21s· 8 players
Game mode
Random Map
Map size
Large (8 player)
Population
200
Speed
Normal
Resources
Standard
Victory
Conquest
Starting age
Dark Age
Ending age
Imperial Age
RankedLock teamsTeams togetherTeam positionsShared explorationLock speedFull tech treeHidden civsTurbo modeCheats
Victory
Defeat
🇧🇷 Burgundians · Brazil
1171
+14
🇧🇷 Hindustanis · Brazil
1146
+15
🇨🇿 Slavs · Czechia
1137
+16
🇮🇹 Vikings · Italy
1128
+16
🇹🇼 Goths · Taiwan
1218
-18
1195
-17
🇹🇼 Franks · Taiwan
1174
-17
🇹🇼 Japanese · Taiwan
955
-9
DESTINNI
11:44 Feudal Age
11:18 Loom
12:11 Double-Bit Axe
12:08 Horse Collar
16:31 Scale Barding Armor
16:49 Forging
19:39 Castle Age
18:56 Gold Mining
27:28 Town Watch
27:58 Stone Mining
28:19 Bow Saw
28:10 Heavy Plow
31:22 Imperial Age
29:29 Wheelbarrow
29:28 Town Patrol
29:43 Squires
30:05 Chain Barding Armor
29:55 Forging
31:47 Hand Cart
32:17 Iron Casting
31:59 Bloodlines
31:49 Husbandry
32:47 Plate Barding Armor
32:39 Detinets
32:59 Conscription
34:29 Blast Furnace
33:54 Capped Ram
40:11 Two-Man Saw
39:42 Crop Rotation
38:45 Elite Boyar
38:55 Elite Boyar
39:56 Fletching
39:45 Elite Boyar
41:04 Hoardings
40:13 Siege Ram
41:00 Siege Engineers
40:51 Bodkin Arrow
40:47 Pikeman
41:28 Scale Mail Armor
44:02 Onager
45:56 Masonry
46:03 Caravan
46:42 Fortified Wall
46:26 Light Cavalry
47:23 Chain Mail Armor
47:16 Halberdier
48:01 Druzhina
49:40 Gold Shaft Mining
49:37 Plate Mail Armor
49:03 Murder Holes
49:30 Sappers
51:03 Hussar
61:47 Ballistics
62:28 Chemistry
61:18 Guard Tower
65:00 Chemistry
Tikka Masala
11:11 Feudal Age
11:31 Loom
13:11 Double-Bit Axe
16:15 Castle Age
14:30 Double-Bit Axe
17:26 Bow Saw
17:29 Horse Collar
20:56 Squires
23:02 Scale Mail Armor
24:08 Gold Mining
25:48 Gold Shaft Mining
31:55 Imperial Age
29:12 Arson
29:39 Forging
29:44 Chain Mail Armor
32:37 Chieftains
33:26 Iron Casting
33:36 Elite Varangian Guard
35:29 Blast Furnace
34:59 Plate Mail Armor
35:06 Town Watch
36:38 Conscription
39:21 Fletching
40:18 Hoardings
47:03 Caravan
48:26 Bodkin Arrow
48:31 Padded Archer Armor
49:33 Chemistry
48:20 Elite Skirmisher
49:38 Ballistics
49:35 Bracer
52:28 Leather Archer Armor
60:29 Ring Archer Armor
59:56 Murder Holes
cowboy
11:00 Feudal Age
10:03 Double-Bit Axe
11:29 Loom
15:44 Castle Age
14:31 Bow Saw
16:14 Horse Collar
17:03 Heavy Plow
19:10 Wheelbarrow
20:32 Hand Cart
20:11 Cavalier
21:40 Husbandry
23:13 Scale Barding Armor
23:19 Forging
26:40 Chain Barding Armor
29:25 Iron Casting
37:14 Imperial Age
39:54 Caravan
40:12 Burgundian Vineyards
40:31 Conscription
39:35 Paladin
41:28 Two-Man Saw
41:20 Plate Barding Armor
41:46 Blast Furnace
46:48 Guilds
62:19 Coinage
miguelon01
13:07 Feudal Age
19:48 Castle Age
20:07 Forging
21:02 Double-Bit Axe
23:00 Fletching
23:35 Horse Collar
26:31 Wheelbarrow
28:28 Bloodlines
28:24 Husbandry
28:21 Loom
29:26 Gold Mining
29:48 Pikeman
31:07 Scale Barding Armor
31:05 Light Cavalry
33:06 Chain Barding Armor
33:22 Squires
34:47 Iron Casting
35:50 Bow Saw
35:42 Heavy Plow
37:33 Gold Shaft Mining
39:40 Imperial Age
39:46 Heavy Camel Rider
40:24 Hussar
43:55 Hand Cart
44:32 Plate Barding Armor
46:06 Blast Furnace
45:18 Arson
46:59 Imperial Camel Rider
47:41 Scale Mail Armor
48:03 Bodkin Arrow
50:19 Elite Skirmisher
51:02 Bracer
55:08 Ballistics
55:49 Chemistry
55:15 Onager
55:16 Siege Elephant
61:13 Guard Tower
61:26 Padded Archer Armor
61:57 Murder Holes
62:30 Chain Mail Armor
62:31 Leather Archer Armor
62:48 Masonry
Duncan
4:36 Loom
12:02 Feudal Age
16:19 Castle Age
14:46 Double-Bit Axe
15:22 Gold Mining
20:07 Scale Barding Armor
24:05 Husbandry
25:51 Stone Mining
33:24 Pikeman
34:07 Town Watch
35:51 Wheelbarrow
35:58 Scale Mail Armor
39:48 Light Cavalry
46:21 Imperial Age
44:06 Hand Cart
43:52 Town Patrol
44:51 Chain Barding Armor
44:43 Forging
44:39 Squires
45:29 Hand Cart
47:40 Plate Barding Armor
48:10 Conscription
49:25 Halberdier
49:52 Ordonnance Companies
50:04 Ordonnance Companies
50:46 Chivalry
51:01 Cavalier
53:06 Fletching
55:29 Fortified Wall
55:00 Treadmill Crane
56:20 Gold Shaft Mining
56:50 Chain Mail Armor
57:04 Caravan
60:54 Iron Casting
60:50 Plate Mail Armor
60:08 Arson
61:29 Hoardings
62:47 Paladin
Hellogigi
12:05 Feudal Age
13:07 Double-Bit Axe
14:34 Horse Collar
19:16 Castle Age
19:03 Wheelbarrow
21:04 Heavy Plow
21:42 Bow Saw
22:22 Scale Barding Armor
22:17 Padded Archer Armor
32:31 Murder Holes
32:59 Ballistics
33:32 Gambesons
33:08 Man-at-Arms
36:44 Thumb Ring
36:16 Long Swordsman
37:01 Squires
44:55 Imperial Age
42:42 Hand Cart
52:40 Loom
53:32 Scale Mail Armor
53:45 Forging
54:52 Caravan
valkyrierandgrith
7:35 Loom
10:51 Feudal Age
12:16 Double-Bit Axe
17:04 Castle Age
17:57 Bow Saw
25:57 Wheelbarrow
25:54 Town Watch
32:43 Imperial Age
30:16 Man-at-Arms
30:57 Squires
31:11 Forging
31:02 Scale Mail Armor
32:21 Long Swordsman
33:31 Fletching
34:17 Iron Casting
33:57 Chain Mail Armor
34:10 Caravan
34:31 Anarchy
34:52 Conscription
33:54 Elite Huskarl
34:00 Pikeman
37:00 Masonry
41:41 Blast Furnace
41:36 Hand Cart
42:07 Horse Collar
42:06 Halberdier
42:46 Bodkin Arrow
42:52 Padded Archer Armor
44:31 Chemistry
49:25 Town Patrol
So many color in your home
5:26 Loom
10:24 Feudal Age
16:09 Castle Age
14:35 Stone Mining
15:58 Double-Bit Axe
17:49 Horse Collar
26:55 Imperial Age
25:00 Bow Saw
24:49 Gold Mining
26:26 Treadmill Crane
27:29 Wheelbarrow
27:05 Scale Barding Armor
27:35 Forging
28:45 Gold Shaft Mining
28:18 Caravan
28:50 Heavy Plow
30:23 Chain Barding Armor
30:31 Scale Mail Armor
30:59 Squires
31:50 Conscription
32:12 Stone Shaft Mining
34:29 Chemistry
33:33 Husbandry
36:18 Chain Mail Armor
36:38 Logistica
38:28 Pikeman
40:18 Hand Cart
40:16 Fortified Wall
41:08 Plate Mail Armor
43:00 Crop Rotation
43:31 Two-Man Saw
42:54 Halberdier
44:45 Iron Casting
45:28 Elite Varangian Guard
48:17 Plate Barding Armor
49:57 Fletching
60:50 Hoardings
64:48 Murder Holes
Connection lost

Rejoining the realm…

Still unreachable

The connection could not be restored.

Session expired

The server has moved on; the page needs a fresh start.